 Dungeon Crawl Stone Soup version 0.19-a0-606-gee5277e (webtiles) character file.

134 Pfff the Digger (level 5, 0/28 HPs)
             Began as a Gargoyle Earth Elementalist on June 12, 2016.
             Killed from afar by an orc wizard (2 damage)
             ... with a magic dart
             ... on level 3 of the Dungeon.
             The game lasted 00:11:07 (2294 turns).

Pfff the Digger (Gargoyle Earth Elementalist)       Turns: 2294, Time: 00:11:08

Health: 0/28       AC:  7    Str: 11    XL:     5   Next: 17%
Magic:  1/10       EV: 12    Int: 17    God:
Gold:   122        SH:  0    Dex: 10    Spells: 2 memorised, 6 levels left

rFire  . . .     SeeInvis .     b - 10 stones
rCold  . . .     Gourm    .     c - +1 robe
rNeg   + . .     Faith    .     (no shield)
rPois  ∞         Spirit   .     (no helmet)
rElec  +         Dismiss  .     (no cloak)
rCorr  .         Reflect  .     (no gloves)
SustAt .         Harm     .     (no boots)
MR     .....                    (no amulet)
Stlth  ++........               (no ring)
                                (no ring)

@: not resistant to hostile enchantments, unstealthy
A: negative energy resistance 1, electricity resistance, unbreathing,
petrification resistance, rot immunity, AC +4
a: no special abilities


You were on level 3 of the Dungeon.
You were hungry.

You visited 1 branch of the dungeon, and saw 3 of its levels.

You collected 122 gold pieces.

Inventory:

Hand Weapons
 a - a +2 dagger of speed
 s - a +2 short sword of holy wrath
Missiles
 b - 10 stones (in hand)
Armour
 c - a +1 robe (worn)
Scrolls
 f - a scroll of identify
 h - 3 scrolls of remove curse
 i - a scroll of noise
Potions
 k - a potion of lignification
 m - a potion of agility
 p - a potion of flight
Books
 e - a book of Geomancy

   Spells                             Type                      Level
   a - Sandblast                      Earth                        1
   b - Passwall                       Transmutation/Earth          2
   c - Stone Arrow                    Conjuration/Earth            3
   d - Petrify                        Transmutation/Earth          4
   e - Lee's Rapid Deconstruction     Earth                        5
Comestibles
 d - 2 bread rations
 j - a beef jerky
 l - a meat ration
 t - 6 chunks of flesh


   Skills:
 - Level 1.5 Dodging
 - Level 2.1 Stealth
 * Level 3.4 Spellcasting
 + Level 1.9 Conjurations
   Level 0.7 Transmutations
 + Level 5.0 Earth Magic


You had 6 spell levels left.
You knew the following spells:

 Your Spells              Type           Power        Failure   Level  Hunger
a - Sandblast             Erth           ###...       2%          1    None
b - Stone Arrow           Conj/Erth      ##....       14%         3    ###....


Dungeon Overview and Level Annotations

Branches:
Dungeon (3/15)

Altars:


Innate Abilities, Weirdness & Mutations

You are resistant to torment.
Your stone body is resilient. (AC +4)
You are immune to poison.
You resist negative energy. (rN+)
You are resistant to electric shocks. (rElec)
You can survive without breathing.
You are immune to petrification.
You are immune to rotting.


Message History

You hear some strange, mumbled words.
A puff of frost appears from out of thin air!
The puff of frost hits you!
* * * LOW HITPOINT WARNING * * *
Something hits you but does no damage.
A magic dart appears from out of thin air!
The magic dart hits you!
Casting: Sandblast
Confirm with . or Enter, or press ? or * to list all spells.
Aiming: Sandblast
Press: ? - help, Shift-Dir - straight line The rocky blast hits something.
You hear some strange, mumbled words.
A puff of flame appears from out of thin air!
The puff of flame hits you!
* * * LOW HITPOINT WARNING * * *
You hear some strange, mumbled words.
A magic dart appears from out of thin air!
The magic dart hits you!
You die...

........# .......<#
.w......# ### ........# ..##
........# #... ....##..#
#..##### ###. #..# #......
#.##..###############.#.#
#.......).....@{.....).)#
####..###############.#.#
#..# ...#!# #..# #########.#
#..# .......÷#.# #..#
#######.#.######
#..###########..............
#..................#.#######
#..###########.#####...


There were no monsters in sight!

Vanquished Creatures
  An orc priest (D:3)
  3 adders (D:2)
  3 worms
  2 dart slugs
  2 giant geckos
  3 orcs (D:3)
  2 ball pythons (D:2)
  5 bats
  5 giant cockroaches
  7 goblins
  5 hobgoblins
  4 jackals (D:1)
  A quokka (D:3)
  4 giant newts (D:2)
  5 kobolds
  7 rats
59 creatures vanquished.

Notes
Turn   | Place    | Note
--------------------------------------------------------------
     0 | D:1      | Pfff the Gargoyle Earth Elementalist began the quest for the Orb.
     0 | D:1      | Reached XP level 1. HP: 10/10 MP: 3/3
   166 | D:1      | Reached XP level 2. HP: 3/15 MP: 1/5
   178 | D:1      | Reached skill level 4 in Earth Magic
   687 | D:1      | Reached XP level 3. HP: 15/19 MP: 6/6
   692 | D:1      | Learned a level 3 spell: Stone Arrow
  1350 | D:2      | Reached XP level 4. HP: 24/24 MP: 2/8
  1438 | D:2      | Reached skill level 1 in Conjurations
  2281 | D:3      | Reached skill level 5 in Earth Magic
  2281 | D:3      | Reached XP level 5. HP: 12/28 MP: 2/10
  2294 | D:3      | Killed from afar by an orc wizard

Vault maps used:
D:1:      sevenhm_arrival_forest_fort_small_4
D:2:      minmay_door_path, grunt_ministairs_6
D:3:      kennysheep_vampire_church, first_bread

Skill      XL: |  1  2  3  4 |
---------------+-------------+-----
Earth Magic    | 4 5 |  5.0
Spellcasting   | 3 |  3.4
Conjurations   | 1 |  1.9
Dodging        | |  1.5
Stealth        | |  2.1
Transmutations | |  0.7

Action                   |  1- 3 |  4- 6 || total
-------------------------+-------+-------++-------
Melee: Dagger            |   159 |    72 ||   231
 Cast: Sandblast         |    15 |    21 ||    36
       Stone Arrow       |       |     2 ||     2
  Use: Scroll            |       |    11 ||    11
       Potion            |       |     2 ||     2
 Stab: Sleeping          |     2 |       ||     2
       Distracted        |       |     1 ||     1
  Eat: Chunk             |     2 |     2 ||     4
Armor: Robe              |    45 |    35 ||    80
Dodge: Dodged            |    91 |    49 ||   140
